NCAA
ARKANSAS RAZORBACKS @ TEXAS LONGHORNS
05/10/2026
 
TOP OF THE 1ST
Arkansas Razorbacks batting - Pitching for Texas Longhorns : RHP Danny Clayton
Pitching: RHP Danny Clayton
Batting: RHB Domingo Morales 0-0: Swinging Strike
0-1: Ball
1-1: Fly out, F9 (Flyball, 89M)
Batting: RHB Bobby Miles 0-0: Ball
1-0: SINGLE (Flyball, 6MD)
Batting: LHB Carter Sweet 0-0: Foul Ball, location: 2F
0-1: Called Strike
0-2: Strikes out swinging
Batting: RHB Jon Anderson 0-0: Ball
1-0: Swinging Strike
1-1: Called Strike
1-2: Strikes out swinging
Top of the 1st over - 0 run(s), 1 hit(s), 0 error(s), 1 left on base; Arkansas 0 - Texas 0
BOTTOM OF THE 1ST
Texas Longhorns batting - Pitching for Arkansas Razorbacks : RHP Jesús Medina
Pitching: RHP Jesús Medina
Batting: SHB Randy Anderson 0-0: Fly out, F8 (Flyball, 8RM)
Batting: RHB Joe Maynard 0-0: Called Strike
0-1: Ball
1-1: SINGLE (Line Drive, 8LS)
Batting: RHB Joe Rogers 0-0: Ball
1-0: SINGLE (Groundball, 5D)
Joe Maynard to second
Batting: SHB Ángel González 0-0: Swinging Strike
0-1: Ball
1-1: Ball
2-1: Fly out, F5 (Popup, 5S)
Batting: LHB Dave Tucker 0-0: Ball
1-0: Ground out 1-3 (Groundball, 13)
Bottom of the 1st over - 0 run(s), 2 hit(s), 0 error(s), 2 left on base; Arkansas 0 - Texas 0
TOP OF THE 2ND
Arkansas Razorbacks batting - Pitching for Texas Longhorns : RHP Danny Clayton
Batting: LHB Robert Mann 0-0: Called Strike
0-1: Swinging Strike
0-2: Foul Ball, location: 2F
0-2: Ball
1-2: Ball
2-2: Strikes out swinging
Batting: RHB John Gauthier 0-0: Ball
1-0: Ball
2-0: Called Strike
2-1: Called Strike
2-2: Ball
3-2: Foul Ball, location: 2F
3-2: Strikes out swinging
Batting: RHB Cipriano Vega 0-0: Swinging Strike
0-1: Foul Ball, location: 2F
0-2: Foul Ball, location: 2F
0-2: Strikes out looking
Top of the 2nd over - 0 run(s), 0 hit(s), 0 error(s), 0 left on base; Arkansas 0 - Texas 0
BOTTOM OF THE 2ND
Texas Longhorns batting - Pitching for Arkansas Razorbacks : RHP Jesús Medina
Batting: RHB Edmond Magee 0-0: Foul Ball, location: 2F
0-1: Ball
1-1: SINGLE (Popup, 4MD)
Batting: LHB Arlen Powers 0-0: Ball
1-0: Ball
2-0: Ball
3-0: Base on Balls
Edmond Magee to second
Batting: RHB Roberto Hernández 0-0: Called Strike
0-1: Called Strike
0-2: Strikes out swinging
Batting: RHB John Burton 0-0: Called Strike
0-1: Ball
1-1: Fielders Choice at 2nd, 6-4 (Groundball, 6M)
Edmond Magee to third
Batting: SHB Randy Anderson 0-0: Ball
1-0: Fly out, F7 (Flyball, 7D)
Bottom of the 2nd over - 0 run(s), 1 hit(s), 0 error(s), 2 left on base; Arkansas 0 - Texas 0
TOP OF THE 3RD
Arkansas Razorbacks batting - Pitching for Texas Longhorns : RHP Danny Clayton
Batting: SHB Ed Dundee 0-0: Foul Ball, location: 2F
0-1: Called Strike
0-2: Ball
1-2: Ground out 3-1 (Groundball, 34)
Batting: LHB Edgardo Aguilar 0-0: Called Strike
0-1: Ball
1-1: Called Strike
1-2: Ball
2-2: Strikes out looking
Batting: RHB Domingo Morales 0-0: Ball
1-0: Foul Ball, location: 2F
1-1: Ball
2-1: Called Strike
2-2: Ground out 6-3 (Groundball, 6S)
Top of the 3rd over - 0 run(s), 0 hit(s), 0 error(s), 0 left on base; Arkansas 0 - Texas 0
BOTTOM OF THE 3RD
Texas Longhorns batting - Pitching for Arkansas Razorbacks : RHP Jesús Medina
Batting: RHB Joe Maynard 0-0: Ball
1-0: Ground out 5-3 (Groundball, 56S)
Batting: RHB Joe Rogers 0-0: Foul Ball, location: 2F
0-1: Swinging Strike
0-2: Strikes out swinging
Batting: SHB Ángel González 0-0: SOLO HOME RUN (Flyball, 89XD), Distance : 378 ft
Batting: LHB Dave Tucker 0-0: Foul Ball, location: 2F
0-1: Foul Ball, location: 2F
0-2: Ball
1-2: Ball
2-2: Fly out, F7 (Flyball, 7D)
Bottom of the 3rd over - 1 run(s), 1 hit(s), 0 error(s), 0 left on base; Arkansas 0 - Texas 1
TOP OF THE 4TH
Arkansas Razorbacks batting - Pitching for Texas Longhorns : RHP Danny Clayton
Batting: RHB Bobby Miles 0-0: Ball
1-0: Foul Ball, location: 2F
1-1: Swinging Strike
1-2: Ball
2-2: Strikes out swinging
Batting: LHB Carter Sweet 0-0: Ball
1-0: Called Strike
1-1: Ball
2-1: Called Strike
2-2: Foul Ball, location: 2F
2-2: Strikes out swinging
Batting: RHB Jon Anderson 0-0: Ball
1-0: Called Strike
1-1: Called Strike
1-2: Foul Ball, location: 2F
1-2: Ball
2-2: Foul Ball, location: 2F
2-2: Ball
3-2: Strikes out swinging
Top of the 4th over - 0 run(s), 0 hit(s), 0 error(s), 0 left on base; Arkansas 0 - Texas 1
BOTTOM OF THE 4TH
Texas Longhorns batting - Pitching for Arkansas Razorbacks : RHP Jesús Medina
Batting: RHB Edmond Magee 0-0: Foul Ball, location: 2F
0-1: Ball
1-1: Ground out 6-3 (Groundball, 6M)
Batting: LHB Arlen Powers 0-0: Called Strike
0-1: Ball
1-1: Ball
2-1: Swinging Strike
2-2: Foul Ball, location: 2F
2-2: Foul Ball, location: 2F
2-2: Foul Ball, location: 2F
2-2: Strikes out looking
Batting: RHB Roberto Hernández 0-0: Ball
1-0: Called Strike
1-1: Swinging Strike
1-2: Ball
2-2: Ball
3-2: Base on Balls
Batting: RHB John Burton 0-0: Ball
1-0: SINGLE (Line Drive, 89S)
Roberto Hernández to second
Batting: SHB Randy Anderson 0-0: Ball
1-0: Ball
2-0: Foul Ball, location: 2F
2-1: Ball
3-1: Called Strike
3-2: Base on Balls
Roberto Hernández to third
John Burton to second
Batting: RHB Joe Maynard 0-0: Called Strike
0-1: Ball
1-1: Foul Ball, location: 2F
1-2: Ball
2-2: Foul Ball, location: 2F
2-2: Foul Ball, location: 2F
2-2: Foul Ball, location: 2F
2-2: SINGLE (Line Drive, 4M)
Roberto Hernández scores
John Burton to third
Randy Anderson to second
Runner from 3rd tries for Home, SAFE, throw made home
Batting: RHB Joe Rogers 0-0: DOUBLE (Line Drive, 5L)
Randy Anderson scores
Joe Maynard to third
Runner from 3rd tries for Home, SAFE, no throw or cutoff
Batting: SHB Ángel González 0-0: Ball
1-0: Ball
2-0: Ground out U3 (Groundball, 3S)
Bottom of the 4th over - 4 run(s), 3 hit(s), 0 error(s), 1 left on base; Arkansas 0 - Texas 5
TOP OF THE 5TH
Arkansas Razorbacks batting - Pitching for Texas Longhorns : RHP Danny Clayton
Batting: LHB Robert Mann 0-0: Ball
1-0: Called Strike
1-1: Ground out 4-3 (Groundball, 4)
Batting: RHB John Gauthier 0-0: Ball
1-0: Ball
2-0: Called Strike
2-1: Foul Ball, location: 2F
2-2: Ground out 4-3 (Groundball, 4)
Batting: RHB Cipriano Vega 0-0: Ball
1-0: Ball
2-0: Ball
3-0: Base on Balls
Batting: SHB Ed Dundee 0-0: Ball
1-0: Called Strike
1-1: Ball
2-1: Ball
3-1: Foul Ball, location: 2F
3-2: Foul Ball, location: 2F
3-2: Foul Ball, location: 2F
3-2: Base on Balls
Cipriano Vega to second
Pitching: RHP Keith Martínez
Batting: LHB Edgardo Aguilar 0-0: Foul Ball, location: 2F
0-1: Fly out, F8 (Flyball, 8LM)
Top of the 5th over - 0 run(s), 0 hit(s), 0 error(s), 2 left on base; Arkansas 0 - Texas 5
BOTTOM OF THE 5TH
Texas Longhorns batting - Pitching for Arkansas Razorbacks : RHP Jesús Medina
Batting: LHB Dave Tucker 0-0: Ball
1-0: Ball
2-0: Ball
3-0: Called Strike
3-1: Base on Balls
Pitching: RHP Jorge Santana
Batting: RHB Edmond Magee 0-0: Ball
1-0: Foul Ball, location: 2F
1-1: Ball
2-1: Fly out, F6 (Popup, 56D)
Batting: LHB Arlen Powers 0-0: SINGLE (Line Drive, 34)
Dave Tucker to second
Batting: RHB Roberto Hernández 0-0: Ball
1-0: Fly out, F6 (Popup, 6D)
Batting: RHB John Burton 0-0: Ball
1-0: Foul Ball, location: 2F
1-1: Swinging Strike
1-2: Fly out, F9 (Flyball, 9M)
Bottom of the 5th over - 0 run(s), 1 hit(s), 0 error(s), 2 left on base; Arkansas 0 - Texas 5
TOP OF THE 6TH
Arkansas Razorbacks batting - Pitching for Texas Longhorns : RHP Keith Martínez
Batting: RHB Domingo Morales 0-0: Ground out 1-3 (Groundball, 15S)
Batting: RHB Bobby Miles 0-0: Called Strike
0-1: Foul Ball, location: 2F
0-2: Ground out 1-3 (Groundball, 15)
Batting: LHB Carter Sweet 0-0: Called Strike
0-1: SOLO HOME RUN (Flyball, 9LD), Distance : 332 ft
Batting: RHB Jon Anderson 0-0: Called Strike
0-1: Ball
1-1: Swinging Strike
1-2: Strikes out swinging
Top of the 6th over - 1 run(s), 1 hit(s), 0 error(s), 0 left on base; Arkansas 1 - Texas 5
BOTTOM OF THE 6TH
Texas Longhorns batting - Pitching for Arkansas Razorbacks : RHP Jorge Santana
Batting: SHB Randy Anderson 0-0: SINGLE (Groundball, 4M)
Batting: RHB Joe Maynard 0-0: Swinging Strike
0-1: Ball
1-1: Foul Ball, location: 2F
1-2: Fly out, F4 (Popup, 34D)
Batting: RHB Joe Rogers 0-0: Called Strike
Randy Anderson is caught stealing 2nd base
0-1: Called Strike
0-2: Fly out, F7 (Flyball, 7S)
Bottom of the 6th over - 0 run(s), 1 hit(s), 0 error(s), 0 left on base; Arkansas 1 - Texas 5
TOP OF THE 7TH
Arkansas Razorbacks batting - Pitching for Texas Longhorns : RHP Keith Martínez
Batting: LHB Robert Mann 0-0: Ball
1-0: Ball
2-0: Foul Ball, location: 2F
2-1: Foul Ball, location: 2F
2-2: Ball
3-2: Base on Balls
Batting: RHB John Gauthier 0-0: Called Strike
0-1: Foul Ball, location: 2F
0-2: SINGLE (Groundball, 34D)
Robert Mann to second
Batting: RHB Cipriano Vega 0-0: SINGLE (Groundball, 5S)
Robert Mann to third
John Gauthier to second
Runner from 3rd tries for Home, SAFE, throw made home
Batting: SHB Ed Dundee 0-0: Foul Ball, location: 2F
0-1: Ball
1-1: Foul Ball, location: 2F
1-2: Ball
2-2: Strikes out swinging
Batting: LHB Edgardo Aguilar 0-0: SINGLE (Line Drive, 4D)
John Gauthier to third
Cipriano Vega to second
Runner from 3rd tries for Home, SAFE, no throw or cutoff
Pitching: RHP Jack Thorpe
Batting: RHB Domingo Morales 0-0: Ball
Cipriano Vega steals 3rd base
Edgardo Aguilar to second
1-0: Foul Ball, location: 2F
1-1: Foul Ball, location: 2F
1-2: Strikes out looking
Batting: RHB Bobby Miles 0-0: Ball
1-0: Called Strike
1-1: Called Strike
1-2: Strikes out looking
Top of the 7th over - 2 run(s), 3 hit(s), 0 error(s), 2 left on base; Arkansas 3 - Texas 5
BOTTOM OF THE 7TH
Texas Longhorns batting - Pitching for Arkansas Razorbacks : RHP Jorge Santana
Pitching: LHP Bobby MacGruder
Batting: SHB Ángel González 0-0: Ball
1-0: Foul Ball, location: 2F
1-1: Ball
2-1: Fly out, F4 (Popup, 4M)
Batting: LHB Dave Tucker 0-0: Ball
1-0: Ball
2-0: Foul Ball, location: 2F
2-1: Called Strike
2-2: Ball
3-2: Foul Ball, location: 2F
3-2: Foul Ball, location: 2F
3-2: Fly out, F8 (Popup, 8LS)
Batting: RHB Edmond Magee 0-0: SINGLE (Line Drive, 6MD)
Batting: LHB Arlen Powers 0-0: Called Strike
0-1: Ball
Edmond Magee steals 2nd base
1-1: Ball
2-1: Fly out, F8 (Flyball, 8LD)
Bottom of the 7th over - 0 run(s), 1 hit(s), 0 error(s), 1 left on base; Arkansas 3 - Texas 5
TOP OF THE 8TH
Arkansas Razorbacks batting - Pitching for Texas Longhorns : RHP Jack Thorpe
Batting: LHB Carter Sweet 0-0: Foul Ball, location: 2F
0-1: Foul Ball, location: 2F
0-2: Foul Ball, location: 2F
0-2: Ball
1-2: Ball
2-2: Strikes out swinging
Batting: RHB Jon Anderson 0-0: Called Strike
0-1: Ball
1-1: Swinging Strike
1-2: Ground out 6-3 (Groundball, 6M)
Batting: LHB Robert Mann 0-0: DOUBLE (Line Drive, 9LM)
Pitching: RHP Alfonso Olivares
Batting: RHB John Gauthier 0-0: Called Strike
0-1: Foul Ball, location: 2F
0-2: Ball
1-2: Strikes out swinging
Top of the 8th over - 0 run(s), 1 hit(s), 0 error(s), 1 left on base; Arkansas 3 - Texas 5
BOTTOM OF THE 8TH
Texas Longhorns batting - Pitching for Arkansas Razorbacks : LHP Bobby MacGruder
Batting: RHB Roberto Hernández 0-0: Fly out, F8 (Flyball, 8RM)
Batting: RHB John Burton 0-0: Called Strike
0-1: Swinging Strike
0-2: Fly out, F8 (Flyball, 8LM)
Batting: SHB Randy Anderson 0-0: Ball
1-0: Called Strike
1-1: Foul Ball, location: 2F
1-2: Ball
2-2: Foul Ball, location: 2F
Single, Error in OF, E8, batter to second base
Batting: RHB Joe Maynard 0-0: Ball
1-0: Called Strike
1-1: Ball
2-1: Foul Ball, location: 2F
2-2: Ball
3-2: Strikes out looking
Bottom of the 8th over - 0 run(s), 1 hit(s), 1 error(s), 1 left on base; Arkansas 3 - Texas 5
TOP OF THE 9TH
Arkansas Razorbacks batting - Pitching for Texas Longhorns : RHP Alfonso Olivares
Pitching: LHP John Case
Now at C: José Wills
Batting: RHB Cipriano Vega 0-0: Ball
1-0: Ball
2-0: Called Strike
2-1: Foul Ball, location: 2F
2-2: Ball
3-2: Strikes out swinging, 2-3 out at first.
Batting: SHB Ed Dundee 0-0: Ball
1-0: Foul Ball, location: 2F
1-1: Called Strike
1-2: Strikes out swinging
Batting: LHB Edgardo Aguilar 0-0: Ball
1-0: Swinging Strike
1-1: Swinging Strike
1-2: Strikes out looking
Top of the 9th over - 0 run(s), 0 hit(s), 0 error(s), 0 left on base; Arkansas 3 - Texas 5
Monday, December 5th, 2016 - OOTP Baseball 17.12 Build 75